 Dungeon Crawl Stone Soup version 0.25.1-3-ge44b62a0b3 (webtiles) character file.

Game seed: 7430520544475546735

380 BledDest the Skirmisher (level 6, -6/52 HPs)
             Began as a Demonspawn Artificer on Nov 20, 2020.
             Mangled by a mummy (11 damage)
             ... in an ossuary.
             The game lasted 00:12:59 (4646 turns).

BledDest the Skirmisher (Demonspawn Artificer)      Turns: 4646, Time: 00:13:00

Health: -6/52      AC: 11    Str: 14    XL:     6   Next: 46%
Magic:  8/8        EV: 10    Int: 12    God:
Gold:   144        SH:  3    Dex: 14    Spells: 5/5 levels left

rFire    . . .     SeeInvis .   v - +0 spear
rCold    . . .     Gourm    .   b - +0 buckler
rNeg     . . .     Faith    .   t - +0 scale mail
rPois    .         Spirit   .   k - +0 helmet
rElec    .         Reflect  .   (no cloak)
rCorr    .         Harm     .   u - +2 pair of gloves
MR       .....                  n - +0 pair of boots
Stlth    +.........             (no amulet)
HPRegen  0.17/turn              x - +4 ring of slaying
MPRegen  0.11/turn              (no ring)

@: hasted, very quick
A: talons 2, powered by death 1, sturdy frame 1
a: no special abilities


You were in an ossuary.
You were hungry.

You visited 1 branch of the dungeon, and saw 4 of its levels.
You also visited: Ossuary.

You collected 144 gold pieces.

Inventory:

Hand Weapons
 a - a +0 short sword
 s - a +0 whip
 v - a +0 spear (weapon)
Missiles
 g - 39 sling bullets
 h - 98 stones (quivered)
 q - 2 throwing nets
 w - 18 poisoned darts
Armour
 b - a +0 buckler (worn)
 k - a +0 helmet (worn)
 n - a +0 pair of boots (worn)
 t - a +0 scale mail (worn)
 u - a +2 pair of gloves (worn)
Jewellery
 x - a +4 ring of slaying (left hand)
Wands
 c - a wand of flame (7)
 d - a wand of enslavement (23)
 e - a wand of random effects (1)
Scrolls
 o - 3 scrolls of teleportation
 p - a scroll of identify
 y - a scroll of blinking {unknown}
Potions
 j - 4 potions of curing
 l - a potion of brilliance
 r - a potion of flight
Comestibles
 f - 5 rations
 i - a chunk of flesh


   Skills:
 + Level 6.3 Fighting
 - Level 0.8 Short Blades
 * Level 1.7 Polearms
 - Level 1.7 Dodging
 - Level 0.8 Stealth
 - Level 3.0 Evocations


You had 5 spell levels left.
You didn't know any spells.
Your spell library was empty.

Dungeon Overview and Level Annotations

Branches:
Dungeon (4/15)            Ossuary (1/1)
 Temple: D:4-7

Altars:
Fedhas
Kikubaaqudgha
The Shining One


Innate Abilities, Weirdness & Mutations

You have razor-sharp toenails.
You regenerate a little health from kills.
Your movements are slightly less encumbered by armour. (ER -2)


Message History

You hit the mummy.
The mummy is severely damaged.
The big kobold zombie barely misses you.
The mummy misses you. The mummy hits you but does no damage.
The mummy hits you!
* * * LOW HITPOINT WARNING * * *
You hit the mummy.
The mummy is severely damaged.
The big kobold zombie hits you but does no damage.
You closely miss the mummy.
The mummy is severely damaged.
The mummy hits you!
* * * LOW HITPOINT WARNING * * *
The mummy closely misses you. The mummy hits you.
* * * LOW HITPOINT WARNING * * *
The mummy hits you.
* * * LOW HITPOINT WARNING * * *
The big kobold zombie barely misses you.
It was a potion of haste.
You feel yourself speed up. The mummy hits you!
You die...

...............
..............
............
#.......Z#
#......# #....#
#....# #MM..#
#@ZZ.# #MM..#
#ZZ..# #....#
#....# #.∩∩.#
######


You could see 4 mummies, 2 gnoll zombies, a kobold zombie and 2 big kobold
zombies.

Vanquished Creatures
  2 orc wizards (D:4)
  4 worker ants
  Terence (D:2)
  2 mummies (Ossuary)
  5 adders
  3 gnolls (D:1)
  An ooze (D:3)
  5 worms
  A dart slug (D:2)
  3 leopard geckos
  4 orcs
  A ball python (D:1)
  13 bats
  3 giant cockroaches
  10 goblins
  6 hobgoblins
  2 quokkas
  4 frilled lizards
  3 gnoll zombies (Ossuary)
  10 kobolds
  18 rats
101 creatures vanquished.

Notes
Turn   | Place    | Note
-------+----------+-------------------------------------------
     0 | D:1      | BledDest the Demonspawn Artificer began the quest for the
                  | Orb.
     0 | D:1      | Reached XP level 1. HP: 15/15 MP: 3/3
   157 | D:1      | Reached skill level 2 in Fighting
   211 | D:1      | Gained mutation: Your movements are slightly less
                  | encumbered by armour. (ER -2) [demonic ancestry]
   211 | D:1      | Reached XP level 2. HP: 22/22 MP: 4/4
   931 | D:1      | Reached skill level 3 in Fighting
   944 | D:1      | Gained mutation: You regenerate a little health from kills.
                  | [demonic ancestry]
   944 | D:1      | Reached XP level 3. HP: 29/29 MP: 5/5
  1814 | D:2      | Gained mutation: You have sharp toenails. [demonic
                  | ancestry]
  1814 | D:2      | Reached XP level 4. HP: 37/37 MP: 6/6
  1934 | D:2      | Reached skill level 4 in Fighting
  2196 | D:2      | Found an ancient bone altar of Kikubaaqudgha.
  2499 | D:2      | Noticed Terence
  2515 | D:2      | Killed Terence
  2519 | D:2      | Reached skill level 5 in Fighting
  2519 | D:2      | Reached XP level 5. HP: 28/44 MP: 7/7
  4226 | D:4      | Reached skill level 6 in Fighting
  4226 | D:4      | Gained mutation: You have razor-sharp toenails. [demonic
                  | ancestry]
  4226 | D:4      | Reached XP level 6. HP: 47/52 MP: 8/8
  4240 | D:4      | Found a glowing golden altar of the Shining One.
  4351 | D:4      | Reached skill level 1 in Polearms
  4484 | D:4      | Found a blossoming altar of Fedhas.
  4575 | D:4      | Found a sand-covered staircase.
  4584 | Ossuary  | Entered an ossuary
  4646 | Ossuary  | Mangled by a mummy

Illustrated notes

Levels and vault maps discovered:
D:1:      erik_arrival_orb_chamber, layout_basic, solitary_fountain,
          minmay_rat_gold_closets
D:2:      layout_loops_ring, kiku_gazebo_pond_becter, first_ration, uniq_terence
D:3:      layout_loops_ring
D:4:      layout_loops_ring, lemuel_coloured_pillars_altar,
          minmay_temple_entry_antechambers, enter_ossuary_1, tso_metal_star
Ossuary:  ossuary_tomb_3

Skill      XL: |  1  2  3  4  5  6 |
---------------+-------------------+-----
Fighting       | 2 3 5 6 |  6.3
Polearms       | 1 |  1.7
Short Blades   | |  0.8
Dodging        | |  1.7
Stealth        | |  0.8
Evocations     | |  3.0

Action                   |  1- 3 |  4- 6 || total
-------------------------+-------+-------++-------
Melee: Short sword       |   148 |   259 ||   407
       Spear             |       |    88 ||    88
Throw: Stone             |     1 |     2 ||     3
Evoke: Wand              |     1 |    21 ||    22
  Use: Scroll            |       |     6 ||     6
       Potion            |       |     1 ||     1
 Stab: Sleeping          |     7 |       ||     7
       Paralysed         |       |    10 ||    10
  Eat: Chunk             |     3 |     9 ||    12
Armor: Leather armour    |    49 |       ||    49
       Ring mail         |       |    34 ||    34
       Scale mail        |       |   125 ||   125
Dodge: Dodged            |   106 |   164 ||   270
Block: Buckler           |       |    10 ||    10
